 Dungeon Sprint DCSS version 0.30-a0-137-gd8773701ce (webtiles) character file.

Game seed: 5169415672844583814

358 purpskrrrp the Transmogrifier (level 6, 0/86 HPs)
             Began as a Demigod Transmuter on Sept 22, 2022.
             Succumbed to a killer bee's poison
             ... in the Dungeon (Sprint IV: "Fedhas' Mad Dash").
             The game lasted 00:11:50 (721 turns).

purpskrrrp the Transmogrifier (Demigod Transmuter)   Turns: 721, Time: 00:11:50

Health: 0/86       AC:  7    Str: 11    XL:     6   Next: 14%
Magic:  15/17      EV: 11    Int: 23    God:
Gold:   96         SH:  0    Dex: 14    Spells: 11/16 levels left

rFire   x . .      SeeInvis .      - Unarmed
rCold   + + +      Faith    .    (shield currently unavailable)
rNeg    . . .      Spirit   .    (body armour currently unavailable)
rPois   +          Reflect  .    (helmet currently unavailable)
rElec   .          Harm     .    (cloak currently unavailable)
rCorr   .          Rampage  .    (gloves currently unavailable)
Will    .....      NoTele   +    (boots currently unavailable)
Stlth   ..........               b - amulet of invisibility {+Inv}
HPRegen 0.24/turn                (no ring)
MPRegen 0.15/turn                (no ring)

@: berserking (expiring), lethally poisoned (0 -> -7), ice-form, hasted, very
quick
A: freezing attack, amphibious, boosted hp, large, high MP 1, forlorn, divine
attributes
a: End Transformation, Evoke Invisibility


You were in the Dungeon.
You were a creature of crystalline ice.
You visited 1 branch You collected 122 gold pieces.
You spent 26 gold pieces at shops.

Inventory:

Hand Weapons
 d - a +0 rapier (melded)
Armour
 a - a +0 robe (melded)
Jewellery
 b - the amulet of invisibility (around neck) {+Inv}
   (You found it in the Dungeon)

   [amulet of nothing]

   +Inv:      It lets you turn invisible.
Scrolls
 i - a scroll of fear
Potions
 c - a potion of curing
 f - 2 potions of magic
 j - a potion of flight {unknown}


   Skills:
 + Level 1.8 Fighting
 + Level 5.1 Dodging
 + Level 4.0 Stealth
 - Level 2.6 Unarmed Combat
 + Level 5.5 Spellcasting
 * Level 8.0 Transmutations
 + Level 2.0 Ice Magic
 + Level 3.4 Evocations


You had 11 spell levels left.
You knew the following spells:

 Your Spells              Type           Power      Damage    Failure   Level
a - Beastly Appendage     Tmut           86%        N/A       1%          1
b - Ice Form              Ice/Tmut       29%        N/A       11%         4

Your spell library contained the following spells:

 Spells                   Type           Power      Damage    Failure   Level
 Wereblood                Tmut           43%        N/A       1%          2
 Spider Form              Tmut/Pois      24%        N/A       5%          3


Dungeon Overview and Level Annotations

Branches:
Dungeon (1/1)

Shops:
D ?!


Innate Abilities, Weirdness & Mutations

You are a creature of crystalline ice.
You have a powerful freezing melee attack.
You are amphibious.
Your maximum health is increased.
Your armour is entirely melded.
You are incapable of wielding weapons or throwing items.
You have an increased reservoir of magic. (+10% MP)
You shall have no god before yourself.
Your divine heritage dramatically boosts your attributes as you level up.


Message History

You are too berserk!
You are too berserk!
You closely miss the killer bee.
The killer bee is heavily wounded.
You feel very sick. The killer bee closely misses you.
The killer bee stings you.
* * * LOW HITPOINT WARNING * * *
* * * LOW HITPOINT WARNING * * *
You feel sick.
The killer bee rages.
The killer bee barely misses you.
Your magical contamination has completely faded away.
There is an open door here.
The killer bee attacks as you move away!
The killer bee stings you but does no damage.
You feel a strong urge to attack something.
* * * LOW HITPOINT WARNING * * *
You feel very sick.
You hear an angry buzzing noise.
The killer bee barely misses you.
You are too berserk!
You miss the killer bee.
The killer bee is heavily wounded.
* * * LOW HITPOINT WARNING * * *
You feel sick. The killer bee stings you.
* * * LOW HITPOINT WARNING * * *
The killer bee closely misses you. x2
You barely miss the killer bee.
The killer bee is heavily wounded.
* * * LOW HITPOINT WARNING * * *
You feel sick. The killer bee closely misses you. x2
You closely miss the killer bee.
The killer bee is heavily wounded.
* * * LOW HITPOINT WARNING * * *
You feel sick. The killer bee stings you.
* * * LOW HITPOINT WARNING * * *
You hear an angry buzzing noise.
You pummel the killer bee!! You freeze the killer bee.
You kill the killer bee!
You die...

###############################
#<..P#.....#.....#.⌠._._._._.⌠.
#PP..†.....'†#...+.._._._._._..
#PPPP#.....#.#Y..#..._._._._.[.
###############'##.._._._._._..
y..♣.......y'.y.#._._._._._.⌠.
......♣....y#.y.##############
..y ♣..♣..###### + #+#####


You could see 2 killer bees.

Vanquished Creatures
  2 scorpions (D)
  2 killer bees (D)
  4 oklob saplings (D)
  2 spriggans (D)
  A river rat (D)
  A rat (D)
12 creatures vanquished.

Notes
Turn   | Place    | Note
-------+----------+-------------------------------------------
     0 | D        | purpskrrrp the Demigod Transmuter began the quest for the
                  | Orb.
     0 | D        | Reached XP level 1. HP: 15/15 MP: 5/5
    16 | D        | Reached skill level 1 in Fighting
    16 | D        | Reached skill level 3 in Transmutations
    25 | D        | Noticed an oklob sapling
    31 | D        | Killed an oklob sapling
    32 | D        | Reached skill level 4 in Transmutations
    32 | D        | Reached XP level 2. HP: 23/23 MP: 5/8
    32 | D        | Reached XP level 3. HP: 28/28 MP: 6/10
    33 | D        | Noticed a scorpion
    38 | D        | Killed a scorpion
    39 | D        | Reached skill level 5 in Transmutations
    39 | D        | Reached XP level 4. HP: 26/35 MP: 8/13
    77 | D        | Found the amulet of invisibility {+Inv}
   287 | D        | Learned a level 4 spell: Ice Form
   303 | D        | Reached skill level 6 in Transmutations
   343 | D        | Reached skill level 1 in Stealth
   343 | D        | Reached skill level 1 in Evocations
   343 | D        | Reached XP level 5. HP: 40/40 MP: 8/15
   407 | D        | Reached skill level 5 in Spellcasting
   407 | D        | Reached skill level 7 in Transmutations
   407 | D        | Reached skill level 1 in Ice Magic
   429 | D        | Reached skill level 5 in Dodging
   534 | D        | Found Tegguv's Distillery.
   534 | D        | Found Ebruvunk's Magic Scroll Emporium.
   541 | D        | Bought a scroll of identify for 26 gold pieces
   649 | D        | Noticed a burning bush
   649 | D        | Noticed a wandering mushroom
   684 | D        | Noticed a queen bee
   705 | D        | Reached skill level 8 in Transmutations
   705 | D        | Reached XP level 6. HP: 48/48 MP: 13/17
   719 | D        | HP: 3/86 [poisoned by a killer bee]
   720 | D        | HP: 1/86 [killer bee (1)]
   721 | D        | Succumbed to a killer bee's poison

Illustrated notes

Levels and vault maps discovered:
D:        dungeon_sprint_fedhas [sprint_temple]

Skill      XL: |  1  2  3  4  5 |
---------------+----------------+-----
Fighting       | 1 |  1.8
Dodging        | 3 4 5 |  5.1
Spellcasting   | 3 4 5 |  5.5
Transmutations | 4 5 6 8 |  8.0
Stealth        | 1 4 |  4.0
Evocations     | 1 3 |  3.4
Ice Magic      | 2 |  2.0
Unarmed Combat | |  2.6

Action                   |  1- 3 |  4- 6 || total
-------------------------+-------+-------++-------
Melee: Unarmed           |    15 |    35 ||    50
       Kick              |     3 |       ||     3
       Headbutt          |     2 |       ||     2
 Cast: Beastly Appendage |     2 |     1 ||     3
       Ice Form          |       |     6 ||     6
 Abil: Evoke Invisibilit |       |     7 ||     7
  Use: Potion            |     1 |     3 ||     4
       Scroll            |       |     2 ||     2
 Stab: Invisible         |       |     5 ||     5
       Sleeping          |       |     2 ||     2
Armor: Robe              |     1 |       ||     1
       Skin              |     1 |     9 ||    10
Dodge: Dodged            |     2 |    28 ||    30

Table legend: (Time is in decaauts)
 A = Elapsed time spent in this place.
 B = Non-inter-level travel time spent in this place.
 C = Inter-level travel time spent in this place.
 D = Time resting spent in this place.
 E = Time spent auto-exploring this place.
 F = Levels seen in this place.
 G = Mean time per level.
                   A        B        C        D        E       F      G
               +--------+--------+--------+--------+--------+-----+--------+
         Total |    712 |    654 |     58 |    410 |      0 |   1 |  712.0 |
       Dungeon |    712 |    654 |     58 |    410 |      0 |   1 |  712.0 |
               +--------+--------+--------+--------+--------+-----+--------+

Top non-repeatable levels by time:
       D: 712 daAuts
